BSA
CHICAGO MACHINE @ KALAMAZOO ROYALE WITH CHEESE
06/29/2027
 
TOP OF THE 1ST
Chicago Machine batting - Pitching for Kalamazoo Royale with Cheese : RHP Jason Taylor
Pitching: RHP Jason Taylor
Batting: RHB Roberto Cardona 0-0: Foul Ball, location: 2F
0-1: Swinging Strike
0-2: Strikes out looking
Batting: RHB Sam Wallace 0-0: Called Strike
0-1: Swinging Strike
0-2: Ball
1-2: Strikes out looking
Batting: RHB Doug Stephens 0-0: Ball
1-0: Fly out, F8 (Flyball, 8LD)
Top of the 1st over - 0 run(s), 0 hit(s), 0 error(s), 0 left on base; Chicago 0 - Kalamazoo 0
BOTTOM OF THE 1ST
Kalamazoo Royale with Cheese batting - Pitching for Chicago Machine : RHP Rex Welch
Pitching: RHP Rex Welch
Batting: RHB Andy Aiton 0-0: Called Strike
0-1: Ball
1-1: Swinging Strike
1-2: Ball
2-2: Ground out U3 (Groundball, 3S)
Batting: LHB Robinson Fernández 0-0: Ball
1-0: Foul Ball, location: 2F
1-1: Ground out 4-3 (Groundball, 4D)
Batting: LHB David Richardson 0-0: Ball
1-0: Called Strike
1-1: Ball
2-1: Called Strike
2-2: Ball
3-2: Base on Balls
Batting: LHB William Ruffo 0-0: Called Strike
David Richardson steals 2nd base
0-1: Ball
1-1: Ball
2-1: Swinging Strike
2-2: Foul Ball, location: 2F
2-2: Foul Ball, location: 2F
2-2: Ball
3-2: Foul Ball, location: 2F
3-2: Strikes out looking
Bottom of the 1st over - 0 run(s), 0 hit(s), 0 error(s), 1 left on base; Chicago 0 - Kalamazoo 0
TOP OF THE 2ND
Chicago Machine batting - Pitching for Kalamazoo Royale with Cheese : RHP Jason Taylor
Batting: LHB Kiyonaga Morita 0-0: Ball
1-0: Foul Ball, location: 2F
1-1: Foul Ball, location: 2F
1-2: Foul Ball, location: 2F
1-2: Ball
2-2: Hit by Pitch
Batting: RHB Matt Doyle 0-0: Called Strike
0-1: Foul Ball, location: 2F
0-2: Ball
1-2: Ball
2-2: Ball
3-2: Foul Ball, location: 2F
3-2: Base on Balls
Kiyonaga Morita to second
Batting: SHB Joaquín López 0-0: Ball
1-0: Called Strike
1-1: Ball
2-1: Foul Ball, location: 2F
2-2: Fly out, F5 (Line Drive, 5F)
Batting: SHB Jesús Ramírez 0-0: Called Strike
0-1: Ball
1-1: Ball
2-1: Ball
3-1: Called Strike
3-2: Base on Balls
Kiyonaga Morita to third
Matt Doyle to second
Batting: LHB Eric Wheeler 0-0: Called Strike
0-1: Swinging Strike
0-2: Ball
1-2: Foul Ball, location: 2F
1-2: Grounds into double play, 4-6-3 (Groundball, 34)
Top of the 2nd over - 0 run(s), 0 hit(s), 0 error(s), 2 left on base; Chicago 0 - Kalamazoo 0
BOTTOM OF THE 2ND
Kalamazoo Royale with Cheese batting - Pitching for Chicago Machine : RHP Rex Welch
Batting: LHB Roberto Sandoval 0-0: Fly out, F8 (Flyball, 78M)
Batting: LHB Al Mills 0-0: Ball
1-0: Called Strike
1-1: Ball
2-1: Foul Ball, location: 2F
2-2: Ball
3-2: Base on Balls
Batting: RHB Run-ming Zhu 0-0: Foul Ball, location: 2F
0-1: Called Strike
0-2: Strikes out swinging
Batting: LHB António Glaviz 0-0: SINGLE (Line Drive, 7S)
Al Mills to second
Batting: SHB Bob Noble 0-0: Ball
1-0: Called Strike
1-1: Foul Ball, location: 2F
1-2: Ground out 3-1 (Groundball, 34)
Bottom of the 2nd over - 0 run(s), 1 hit(s), 0 error(s), 2 left on base; Chicago 0 - Kalamazoo 0
TOP OF THE 3RD
Chicago Machine batting - Pitching for Kalamazoo Royale with Cheese : RHP Jason Taylor
Batting: RHB Paul Swift 0-0: Foul Ball, location: 2F
0-1: Called Strike
0-2: Ground out 1-3 (Groundball, 15)
Batting: RHB Roberto Cardona 0-0: Foul Ball, location: 2F
0-1: Ball
1-1: Called Strike
1-2: Fly out, F9 (Flyball, 89D)
Batting: RHB Sam Wallace 0-0: Ball
1-0: Foul Ball, location: 2F
1-1: SINGLE (Groundball, 4MD)
Batting: RHB Doug Stephens 0-0: Swinging Strike
0-1: Fly out, F3 (Popup, 34S)
Top of the 3rd over - 0 run(s), 1 hit(s), 0 error(s), 1 left on base; Chicago 0 - Kalamazoo 0
BOTTOM OF THE 3RD
Kalamazoo Royale with Cheese batting - Pitching for Chicago Machine : RHP Rex Welch
Batting: RHB Andy Aiton 0-0: Called Strike
0-1: Ball
1-1: Called Strike
1-2: Ground out 6-3 (Groundball, 6)
Batting: LHB Robinson Fernández 0-0: Ball
1-0: DOUBLE (Line Drive, 7LM)
Batting: LHB David Richardson 0-0: Fly out, F4 (Popup, 34D)
Batting: LHB William Ruffo 0-0: Called Strike
0-1: Ball
1-1: Called Strike
1-2: Ground out 4-3 (Groundball, 34D)
Bottom of the 3rd over - 0 run(s), 1 hit(s), 0 error(s), 1 left on base; Chicago 0 - Kalamazoo 0
TOP OF THE 4TH
Chicago Machine batting - Pitching for Kalamazoo Royale with Cheese : RHP Jason Taylor
Batting: LHB Kiyonaga Morita 0-0: Ball
1-0: Foul Ball, location: 2F
1-1: Foul Ball, location: 2F
1-2: Ball
2-2: Strikes out looking
Batting: RHB Matt Doyle 0-0: Ball
1-0: Swinging Strike
1-1: Swinging Strike
1-2: Foul Ball, location: 2F
1-2: Ball
2-2: Ball
3-2: Foul Ball, location: 2F
3-2: Strikes out swinging
Batting: SHB Joaquín López 0-0: Called Strike
0-1: Called Strike
0-2: Ball
1-2: Ball
2-2: Strikes out swinging
Top of the 4th over - 0 run(s), 0 hit(s), 0 error(s), 0 left on base; Chicago 0 - Kalamazoo 0
BOTTOM OF THE 4TH
Kalamazoo Royale with Cheese batting - Pitching for Chicago Machine : RHP Rex Welch
Batting: LHB Roberto Sandoval 0-0: DOUBLE (Flyball, 8RXD)
Batting: LHB Al Mills 0-0: Called Strike
0-1: Ball
1-1: Foul Ball, location: 2F
1-2: Strikes out swinging
Batting: RHB Run-ming Zhu 0-0: Ball
1-0: Ball
2-0: Called Strike
2-1: Ground out 6-3 (Groundball, 6)
Batting: LHB António Glaviz 0-0: Ball
1-0: Ball
2-0: Swinging Strike
2-1: Foul Ball, location: 2F
2-2: Strikes out swinging
Bottom of the 4th over - 0 run(s), 1 hit(s), 0 error(s), 1 left on base; Chicago 0 - Kalamazoo 0
TOP OF THE 5TH
Chicago Machine batting - Pitching for Kalamazoo Royale with Cheese : RHP Jason Taylor
Batting: SHB Jesús Ramírez 0-0: Foul Ball, location: 2F
0-1: Ball
1-1: Swinging Strike
1-2: Ball
2-2: Strikes out swinging
Batting: LHB Eric Wheeler 0-0: Foul Ball, location: 2F
0-1: Called Strike
0-2: Strikes out swinging
Batting: RHB Paul Swift 0-0: Ball
1-0: Ball
2-0: Ball
3-0: Base on Balls
Batting: RHB Roberto Cardona 0-0: Ball
1-0: Ground out 5-3 (Groundball, 56S)
Top of the 5th over - 0 run(s), 0 hit(s), 0 error(s), 1 left on base; Chicago 0 - Kalamazoo 0
BOTTOM OF THE 5TH
Kalamazoo Royale with Cheese batting - Pitching for Chicago Machine : RHP Rex Welch
Batting: SHB Bob Noble 0-0: Ball
1-0: Ground out 4-3 (Groundball, 4)
Batting: RHB Andy Aiton 0-0: Bunt missed!
0-1: SINGLE (Flyball, 7LS)
Batting: LHB Robinson Fernández 0-0: Ball
1-0: Called Strike
1-1: Foul Ball, location: 2F
1-2: Ground out 4-3 (Groundball, 4M)
Andy Aiton to second
Batting: LHB David Richardson 0-0: Called Strike
0-1: Ball
1-1: Ball
2-1: Called Strike
2-2: Strikes out swinging
Bottom of the 5th over - 0 run(s), 1 hit(s), 0 error(s), 1 left on base; Chicago 0 - Kalamazoo 0
TOP OF THE 6TH
Chicago Machine batting - Pitching for Kalamazoo Royale with Cheese : RHP Jason Taylor
Batting: RHB Sam Wallace 0-0: Called Strike
0-1: Swinging Strike
0-2: Strikes out swinging
Batting: RHB Doug Stephens 0-0: Ball
1-0: Ground out 6-3 (Groundball, 6)
Batting: LHB Kiyonaga Morita 0-0: Ball
1-0: SINGLE (Line Drive, 56D)
Batting: RHB Matt Doyle 0-0: Fly out, F9 (Flyball, 9S)
Top of the 6th over - 0 run(s), 1 hit(s), 0 error(s), 1 left on base; Chicago 0 - Kalamazoo 0
BOTTOM OF THE 6TH
Kalamazoo Royale with Cheese batting - Pitching for Chicago Machine : RHP Rex Welch
Batting: LHB William Ruffo 0-0: Called Strike
0-1: Called Strike
0-2: Foul Ball, location: 2F
0-2: Ball
1-2: SINGLE (Groundball, 6D)
Batting: LHB Roberto Sandoval 0-0: Ball
1-0: Called Strike
1-1: Ball
2-1: Grounds into double play, 6-4-3 (Groundball, 6)
Batting: LHB Al Mills 0-0: Called Strike
0-1: Called Strike
0-2: Ball
1-2: Ball
2-2: Fly out, F2 (Popup, 23)
Bottom of the 6th over - 0 run(s), 1 hit(s), 0 error(s), 0 left on base; Chicago 0 - Kalamazoo 0
TOP OF THE 7TH
Chicago Machine batting - Pitching for Kalamazoo Royale with Cheese : RHP Jason Taylor
Batting: SHB Joaquín López 0-0: Ground out 3-1 (Groundball, 34)
Batting: SHB Jesús Ramírez 0-0: Called Strike
0-1: Ball
1-1: Ball
2-1: Ball
3-1: Base on Balls
Batting: LHB Eric Wheeler 0-0: Foul Ball, location: 2F
0-1: Called Strike
0-2: Foul Ball, location: 2F
0-2: Ball
1-2: Grounds into double play, 4-6-3 (Groundball, 4)
Top of the 7th over - 0 run(s), 0 hit(s), 0 error(s), 0 left on base; Chicago 0 - Kalamazoo 0
BOTTOM OF THE 7TH
Kalamazoo Royale with Cheese batting - Pitching for Chicago Machine : RHP Rex Welch
Batting: RHB Run-ming Zhu 0-0: Ball
1-0: Swinging Strike
1-1: Ground out 6-3 (Groundball, 6)
Batting: LHB António Glaviz 0-0: Ball
1-0: Ground out U3 (Groundball, 3S)
Pinch Hitting: RHB Miguel Encarnación 0-0: Ball
1-0: Ball
2-0: Called Strike
2-1: Ball
3-1: Called Strike
3-2: Foul Ball, location: 2F
3-2: Ground out 4-3 (Groundball, 4D)
Bottom of the 7th over - 0 run(s), 0 hit(s), 0 error(s), 0 left on base; Chicago 0 - Kalamazoo 0
TOP OF THE 8TH
Chicago Machine batting - Pitching for Kalamazoo Royale with Cheese : RHP Jason Taylor
Now at SS: Miguel Encarnación
Batting: RHB Paul Swift 0-0: Called Strike
0-1: Ball
1-1: Called Strike
1-2: Foul Ball, location: 2F
1-2: Foul Ball, location: 2F
1-2: Ground out 4-3 (Groundball, 34)
Batting: RHB Roberto Cardona 0-0: Ball
1-0: Called Strike
1-1: Foul Ball, location: 2F
1-2: Foul Ball, location: 2F
1-2: Strikes out swinging
Pinch Hitting: SHB Edward Bartlett 0-0: Ball
1-0: Ball
2-0: Ball
3-0: Called Strike
3-1: Fly out, F4 (Popup, 4)
Top of the 8th over - 0 run(s), 0 hit(s), 0 error(s), 0 left on base; Chicago 0 - Kalamazoo 0
BOTTOM OF THE 8TH
Kalamazoo Royale with Cheese batting - Pitching for Chicago Machine : RHP Rex Welch
Now at SS: Edward Bartlett
Batting: RHB Andy Aiton 0-0: SOLO HOME RUN (Flyball, 7D), Distance : 394 ft
Batting: LHB Robinson Fernández 0-0: Called Strike
0-1: Ball
1-1: Swinging Strike
1-2: SINGLE (Line Drive, 7S)
Pitching: RHP Cory Lowe
Batting: LHB David Richardson 0-0: Ball
1-0: Ball
2-0: Swinging Strike
2-1: Ball
3-1: Called Strike
3-2: Strikes out swinging
Batting: LHB William Ruffo 0-0: Ball
1-0: Called Strike
1-1: Called Strike
1-2: Foul Ball, location: 2F
1-2: Strikes out looking
Batting: LHB Roberto Sandoval 0-0: Ball
1-0: Called Strike
1-1: Fly out, F7 (Flyball, 7)
Bottom of the 8th over - 1 run(s), 2 hit(s), 0 error(s), 1 left on base; Chicago 0 - Kalamazoo 1
TOP OF THE 9TH
Chicago Machine batting - Pitching for Kalamazoo Royale with Cheese : RHP Jason Taylor
Pitching: RHP Fergus Wakeford
Batting: RHB Doug Stephens 0-0: Ground out 6-3 (Groundball, 56)
Batting: LHB Kiyonaga Morita 0-0: Ball
1-0: Ball
2-0: Ball
3-0: Base on Balls
Batting: RHB Matt Doyle 0-0: Foul Ball, location: 2F
0-1: Ball
1-1: Fly out, F8 (Flyball, 8RS)
Batting: SHB Joaquín López 0-0: Swinging Strike
0-1: Swinging Strike
0-2: Ball
1-2: Fly out, F7 (Flyball, 7S)
Top of the 9th over - 0 run(s), 0 hit(s), 0 error(s), 1 left on base; Chicago 0 - Kalamazoo 1
Thursday, March 30th, 2017 - OOTP Baseball 17.12 Build 75